 Dungeon Crawl Stone Soup version 0.29-a0-563-g64e4043184 (webtiles) character file.

Game seed: 10848804679647818260

5347 DocClef the Covert (level 10, -2/82 HPs)
             Began as a Gnoll Delver on June 11, 2022.
             Was a Believer of Okawaru.
             Slain by a centaur
             ... wielding a +0 spear
              (4 damage)
             ... in a bailey.
             The game lasted 00:12:10 (8967 turns).

DocClef the Covert (Gnoll Delver)                   Turns: 8967, Time: 00:12:11

Health: -2/82      AC: 13    Str: 11    XL:     10   Next: 65%
Magic:  18/18      EV: 21    Int: 11    God:    Okawaru [**....]
Gold:   483        SH:  0    Dex: 20    Spells: 19/19 levels left

rFire   . . .      SeeInvis .   d - +4 rapier of the Girdle {protect, Dex+3}
rCold   . . .      Faith    .   (no shield)
rNeg    . . .      Spirit   .   F - +0 steam dragon scales
rPois   .          Reflect  .   (no helmet)
rElec   .          Harm     .   v - +2 cloak
rCorr   .          Rampage  .   E - +0 pair of gloves
Will    .....                   i - +0 pair of boots
Stlth   +++++++...              w - amulet of magic regeneration
HPRegen 0.23/turn               (no ring)
MPRegen 0.56/turn               (no ring)

@: heroic, attractive
A: fangs 1, strong nose, distributed training
a: Renounce Religion, Heroism


You were in a bailey.
You worshipped Okawaru.
Okawaru was pleased with you.
You visited 2 branches of the dungeon, and saw 9 of its levels.
You also visited: Sewer and Bailey.

You collected 483 gold pieces.

Inventory:

Hand Weapons
 d - the +4 rapier of the Girdle (weapon) {protect, Dex+3}
   (You found it on level 4 of the Dungeon)

   It grants its wielder temporary protection when it strikes (+7 to AC).
   Dex:       It affects your dexterity (+3).
 h - a +2 short sword of electrocution
Missiles
 G - 5 javelins (quivered)
Armour
 b - a +0 leather armour
 i - a +0 pair of boots (worn)
 v - a +2 cloak (worn)
 E - a +0 pair of gloves (worn)
 F - +0 steam dragon scales (worn)
Jewellery
 w - an amulet of magic regeneration (around neck)
 y - a +4 ring of evasion
Wands
 g - a wand of digging (3)
 z - a wand of iceblast (4)
Scrolls
 a - a scroll of brand weapon {unknown}
 c - 2 scrolls of fog
 e - 4 scrolls of fear
 l - 2 scrolls of noise {unknown}
 m - a scroll of summoning {unknown}
 n - 2 scrolls of enchant armour
 p - a scroll of silence {unknown}
 q - 8 scrolls of identify {unknown}
 s - 2 scrolls of teleportation {unknown}
 D - a scroll of amnesia {unknown}
Potions
 f - 2 potions of haste
 j - a potion of attraction
 k - 3 potions of might {unknown}
 o - 2 potions of curing {unknown}
 r - 2 potions of mutation {unknown}
 t - 4 potions of ambrosia {unknown}
 u - 2 potions of flight {unknown}
 x - a potion of heal wounds {unknown}
 A - 3 potions of cancellation {unknown}
 B - a potion of magic {unknown}
 C - a potion of degeneration {unknown}


   Skills:
 + Level 8.6(13.6) Fighting
 + Level 7.2(12.2) Short Blades
 + Level 5.4(10.4) Long Blades
 + Level 5.4(10.4) Axes
 + Level 5.4(10.4) Maces & Flails
 + Level 5.4(10.4) Polearms
 + Level 5.4(10.4) Staves
 + Level 5.4(10.4) Slings
 + Level 5.4(10.4) Bows
 + Level 5.4(10.4) Crossbows
 + Level 5.4(10.4) Throwing
 + Level 5.4(10.4) Armour
 + Level 7.2(12.2) Dodging
 + Level 11.0(16.0) Stealth
 + Level 5.4(10.4) Shields
 + Level 5.4(10.4) Unarmed Combat
 + Level 5.4 Spellcasting
 + Level 4.5 Conjurations
 + Level 4.5 Hexes
 + Level 4.5 Summonings
 + Level 4.5 Necromancy
 + Level 4.5 Translocations
 + Level 4.5 Transmutations
 + Level 4.5 Fire Magic
 + Level 4.5 Ice Magic
 + Level 4.5 Air Magic
 + Level 4.5 Earth Magic
 + Level 4.5 Poison Magic
 + Level 6.0 Invocations
 + Level 5.4 Evocations


You had 19 spell levels left.
You didn't know any spells.
Your spell library contained the following spells:

 Spells                   Type           Power      Damage    Failure   Level
 Slow                     Hex            48%        N/A       3%          1
 Blink                    Tloc           24%        N/A       4%          2
 Sublimation of Blood     Necr           12%        N/A       4%          2
 Confusing Touch          Hex            12%        N/A       10%         3
 Vampiric Draining        Necr           12%        2d6       10%         3
 Passage of Golubria      Tloc           12%        N/A       32%         4
 Petrify                  Tmut/Erth      12%        N/A       32%         4
 Fireball                 Conj/Fire      6%         3d5       65%         5
 Irradiate                Conj/Tmut      6%         3d15      65%         5
 Iskenderun's Battlesphe  Conj           12%        2d7       65%         5
 Manifold Assault         Tloc           12%        N/A       65%         5
 Yara's Violent Unravell  Hex/Tmut       6%         3d5       65%         5
 Conjure Ball Lightning   Conj/Air       6%         3x3d6     99%         6
 Orb of Destruction       Conj           6%         9d6       100%        7
 Storm Form               Tmut/Air       6%         N/A       100%        7
 Tukima's Dance           Hex            Unusable   N/A       N/A         3

Dungeon Overview and Level Annotations

Branches:
Dungeon (8/15)             Temple (1/1) D:7           Sewer (visited)
 Bailey (1/1)
   Lair: D:8-11

Altars:
Ashenzari
Cheibriados
Dithmenos
Elyvilon
Fedhas
Gozag
Hepliaklqana
Kikubaaqudgha
Makhleb
Nemelex Xobeh
Okawaru
Qazlal
Ru
Sif Muna
Trog
Uskayaw
Vehumet
Wu Jian
Xom
Yredelemnul
Zin
The Shining One

Shops:
D:1 [


Innate Abilities, Weirdness & Mutations

You have very sharp teeth.
Your uncanny sense of smell can sniff out nearby items.
Your experience applies equally to all skills.


Message History

You puncture the centaur!
Your weapon exudes an aura of protection.
You kill the centaur!
Okawaru accepts your kill.
The centaur throws a javelin.
The javelin completely misses you.
The centaur throws a javelin.
The javelin closely misses you. The centaur closely misses you.
The centaur hits you but does no damage.
The centaur throws a javelin.
The javelin pierces through you.
* * * LOW HITPOINT WARNING * * *
Items here: ( ) [ †.
Unknown command.
The centaur throws a javelin.
The javelin pierces through you.
* * * LOW HITPOINT WARNING * * *
The javelin pierces through the centaur but does no damage.
The centaur throws a javelin.
The javelin barely misses you.
There is a fountain of clear blue water here.
Unknown command.
Unknown command.
The centaur throws a javelin.
The javelin barely misses you.
The centaur throws a javelin.
The javelin completely misses you.
The centaur throws a javelin.
The javelin pierces through you!
* * * LOW HITPOINT WARNING * * *
The centaur throws a javelin.
The javelin misses you.
The centaur throws a javelin.
The javelin barely misses you.
The centaur throws a javelin.
The javelin barely misses you.
Unknown command.
It was a potion of attraction.
You feel attractive to monsters.
The centaur throws a javelin.
The javelin pierces through you.
* * * LOW HITPOINT WARNING * * *
The centaur throws a javelin.
The javelin pierces through you but does no damage.
The centaur is attracted toward you. x3
Okay, then.
You closely miss the centaur.
You punch the centaur, but do no damage.
The centaur is lightly wounded.
The centaur hits you with a +0 spear.
You die...

.......≈≈≈≈≈≈≈≈##
≈≈≈.≈≈≈..≈≈≈≈≈≈≈#
≈.....≈≈≈..≈≈≈≈≈#
........≈≈≈.≈≈≈≈#
≈≈.≈.....≈≈≈....)≈.≈≈≈≈#
≈.≈≈.⌠..≈≈≈≈≈..⌠.≈≈§≈≈≈#
≈.≈.....≈≈≈≈≈.....≈o≈≈≈#
.≈≈..o.≈≈≈≈≈≈≈...c≈≈.≈≈#
.≈.....≈≈≈≈≈§≈.c@c.≈§≈≈#
o≈.....≈≈≈?≈≈≈.....≈.≈≈#
c≈.....≈≈≈[≈≈≈.....≈.≈≈#
o≈....o≈≈≈)≈≈≈.....≈.≈≈#
.≈.....≈≈≈≈≈≈≈.....≈.≈≈#
.≈≈....≈≈≈≈≈≈≈....≈≈.≈≈#
≈o≈.....≈≈≈≈≈.....≈.≈≈≈#
≈.≈≈.⌠..≈≈≈≈≈..⌠.≈≈.≈≈≈#
≈≈.≈.....≈≈≈.....≈.≈≈≈≈#


You could see an orc warrior and 3 centaurs.

Vanquished Creatures
  Pikel (D:5)
  A wraith (D:7)
  A steam dragon (D:7)
  2 water moccasins (D:7)
  10 orc warriors
  Pargi (Sewer)
  5 sky beasts
  6 ogres
  6 centaurs
  2 phantoms
  2 kobold brigands (D:7)
  3 bullfrogs (D:7)
  A necrophage (D:5)
  3 scorpions
  10 wights (D:8)
  3 howler monkeys (D:7)
  A jelly (D:2)
  2 orc priests
  3 hounds
  Crazy Yiuf (D:3)
  Natasha (thrice) (D:3)
  3 orc wizards
  5 gnolls
  11 adders
  2 white imps
  An ufetubus (D:6)
  4 worms
  2 dart slugs
  33 orcs
  9 endoplasms
  4 giant cockroaches
  25 goblins
  12 hobgoblins
  9 quokkas
  11 ball pythons
  10 bats
  3 frilled lizards
  23 kobolds
  8 rats
242 creatures vanquished.

Vanquished Creatures (others)
  An orc (Bailey)
  2 fungi (D:8)
  3 plants (D:8)
6 creatures vanquished.

Grand Total: 248 creatures vanquished

Notes
Turn   | Place    | Note
-------+----------+-------------------------------------------
     0 | D:5      | Reached skill level 9 in Stealth
     0 | D:5      | DocClef the Gnoll Delver began the quest for the Orb.
     0 | D:5      | Reached XP level 1. HP: 23/23 MP: 1/1
   204 | D:5      | Reached XP level 2. HP: 7/29 MP: 2/2
   456 | D:5      | Noticed an ogre
   504 | D:5      | Killed an ogre
   505 | D:5      | Reached skill level 1 in Long Blades
   505 | D:5      | Reached skill level 1 in Axes
   505 | D:5      | Reached skill level 1 in Maces & Flails
   505 | D:5      | Reached skill level 1 in Polearms
   505 | D:5      | Reached skill level 1 in Staves
   505 | D:5      | Reached skill level 1 in Slings
   505 | D:5      | Reached skill level 1 in Bows
   505 | D:5      | Reached skill level 1 in Crossbows
   505 | D:5      | Reached skill level 1 in Throwing
   505 | D:5      | Reached skill level 1 in Armour
   505 | D:5      | Reached skill level 1 in Shields
   505 | D:5      | Reached skill level 1 in Unarmed Combat
   505 | D:5      | Reached skill level 1 in Spellcasting
   505 | D:5      | Reached skill level 1 in Conjurations
   505 | D:5      | Reached skill level 1 in Hexes
   505 | D:5      | Reached skill level 1 in Summonings
   505 | D:5      | Reached skill level 1 in Necromancy
   505 | D:5      | Reached skill level 1 in Translocations
   505 | D:5      | Reached skill level 1 in Transmutations
   505 | D:5      | Reached skill level 1 in Fire Magic
   505 | D:5      | Reached skill level 1 in Ice Magic
   505 | D:5      | Reached skill level 1 in Air Magic
   505 | D:5      | Reached skill level 1 in Earth Magic
   505 | D:5      | Reached skill level 1 in Poison Magic
   505 | D:5      | Reached skill level 1 in Invocations
   505 | D:5      | Reached skill level 1 in Evocations
   505 | D:5      | Reached XP level 3. HP: 35/35 MP: 2/4
   505 | D:5      | Reached XP level 4. HP: 41/41 MP: 2/5
   552 | D:5      | Noticed a necrophage
   556 | D:5      | Killed a necrophage
   557 | D:5      | Reached XP level 5. HP: 47/47 MP: 5/7
   614 | D:5      | Noticed an ogre
   628 | D:5      | Killed an ogre
   629 | D:5      | Reached XP level 6. HP: 7/53 MP: 8/8
   993 | D:4      | Identified the +4 rapier of the Girdle {protect, Dex+3}
  1014 | D:4      | Found a glowing drain.
  1029 | Sewer    | Entered a sewer
  1136 | Sewer    | Noticed Pargi
  1145 | Sewer    | Killed Pargi
  1146 | Sewer    | Reached skill level 5 in Short Blades
  1146 | Sewer    | Reached skill level 5 in Dodging
  1421 | D:4      | Reached XP level 7. HP: 59/59 MP: 10/10
  2160 | D:3      | Noticed Natasha
  2164 | D:3      | Killed Natasha
  2234 | D:3      | Found a runed translucent door.
  2235 | D:3      | Noticed Crazy Yiuf
  3124 | D:3      | Noticed Natasha
  3134 | D:3      | Killed Natasha
  3143 | D:3      | Noticed Natasha
  3146 | D:3      | Killed Natasha
  3242 | D:3      | Killed Crazy Yiuf
  3243 | D:3      | Reached skill level 10 in Stealth
  3845 | D:2      | Found a shimmering altar of Xom.
  4446 | D:1      | Found Riggataz's Armour Boutique.
  4502 | D:1      | Reached XP level 8. HP: 67/67 MP: 12/12
  4549 | D:1      | Found a faded altar of an unknown god.
  4916 | D:5      | Noticed Pikel
  4928 | D:5      | Killed Pikel
  5100 | D:6      | Reached XP level 9. HP: 64/73 MP: 14/14
  6192 | D:7      | Found a staircase to the Ecumenical Temple.
  6240 | Temple   | Entered the Ecumenical Temple
  6634 | Temple   | Became a worshipper of Warmaster Okawaru
  6725 | D:7      | Reached skill level 5 in Invocations
  6745 | D:7      | Reached * piety under Okawaru
  7363 | D:7      | Reached XP level 10. HP: 80/80 MP: 17/17
  7379 | D:7      | Found an ornate altar of the Wu Jian Council.
  7844 | D:8      | Reached ** piety under Okawaru
  7845 | D:8      | Reached skill level 5 in Long Blades
  7845 | D:8      | Reached skill level 5 in Axes
  7845 | D:8      | Reached skill level 5 in Maces & Flails
  7845 | D:8      | Reached skill level 5 in Polearms
  7845 | D:8      | Reached skill level 5 in Staves
  7845 | D:8      | Reached skill level 5 in Slings
  7845 | D:8      | Reached skill level 5 in Bows
  7845 | D:8      | Reached skill level 5 in Crossbows
  7845 | D:8      | Reached skill level 5 in Throwing
  7845 | D:8      | Reached skill level 5 in Armour
  7845 | D:8      | Reached skill level 5 in Shields
  7845 | D:8      | Reached skill level 5 in Unarmed Combat
  7845 | D:8      | Reached skill level 5 in Spellcasting
  7845 | D:8      | Reached skill level 5 in Evocations
  7991 | D:8      | Found a flagged portal.
  8037 | Bailey   | Entered a bailey
  8218 | Bailey   | Reached skill level 11 in Stealth
  8966 | Bailey   | HP: 2/82 [centaur/javelin (4)]
  8967 | Bailey   | Slain by a centaur

Illustrated notes

Levels and vault maps discovered:
D:1:      eino_arrival_cavern_e, layout_rooms,
          dreamdust_ecumenical_altar_angels_and_demons, serial_shops,
          nicolae_shop_stone, minmay_unequal
D:2:      layout_basic, basic_altar, hangedman_decor_clover_reticule,
          chequers_serial_rivers_room_b
D:3:      minmay_chambers_of_threes, layout_loops_ring, uniq_natasha,
          uniq_crazy_yiuf_cottage
D:4:      layout_cave_pools, cheibrodos_sewer_entry_sluice, corexii_shack,
          kennysheep_boxes
D:5:      layout_gridville, minmay_ogre_servants, uniq_pikel
D:6:      layout_cave_pods, st_stairs_1
D:7:      layout_loops_ring, mainiacjoe_overflow_alcove_1,
          minmay_temple_entry_water_ring, st_stairs_11
D:8:      layout_cave_pools, grunt_lair_entry_orc_guard_hut, enter_bailey_5,
          chequers_guarded_unrand_ignorance
Temple:   mainiacjoe_temple_trianglar_array
Bailey:   bailey_polearm_flooded_kennysheep, bailey

Skill      XL: |  1  2  3  4  5  6  7  8  9 10 |
---------------+-------------------------------+-----
Stealth        | 10 11 | 11.0
Long Blades    | 1 2 3 4 5 |  5.4
Axes           | 1 2 3 4 5 |  5.4
Maces & Flails | 1 2 3 4 5 |  5.4
Polearms       | 1 2 3 4 5 |  5.4
Staves         | 1 2 3 4 5 |  5.4
Slings         | 1 2 3 4 5 |  5.4
Bows           | 1 2 3 4 5 |  5.4
Crossbows      | 1 2 3 4 5 |  5.4
Throwing       | 1 2 3 4 5 |  5.4
Armour         | 1 2 3 4 5 |  5.4
Shields        | 1 2 3 4 5 |  5.4
Unarmed Combat | 1 2 3 4 5 |  5.4
Spellcasting   | 1 2 3 4 5 |  5.4
Conjurations   | 1 2 3 4 |  4.5
Hexes          | 1 2 3 4 |  4.5
Summonings     | 1 2 3 4 |  4.5
Necromancy     | 1 2 3 4 |  4.5
Translocations | 1 2 3 4 |  4.5
Transmutations | 1 2 3 4 |  4.5
Fire Magic     | 1 2 3 4 |  4.5
Ice Magic      | 1 2 3 4 |  4.5
Air Magic      | 1 2 3 4 |  4.5
Earth Magic    | 1 2 3 4 |  4.5
Poison Magic   | 1 2 3 4 |  4.5
Invocations    | 1 2 3 4 5 6 |  6.0
Evocations     | 1 2 3 4 5 |  5.4
Short Blades   | 5 6 7 |  7.2
Dodging        | 5 6 7 |  7.2
Fighting       | 7 8 |  8.6

Action                   |  1- 3 |  4- 6 |  7- 9 | 10-12 || total
-------------------------+-------+-------+-------+-------++-------
Melee: Short sword       |    32 |    20 |       |       ||    52
       Bite              |     3 |     6 |    47 |    21 ||    77
       Punch             |       |     4 |    15 |     9 ||    28
       Rapier            |       |    43 |   407 |   193 ||   643
Throw: Javelin           |       |       |       |     8 ||     8
Invok: Heroism           |       |       |       |     7 ||     7
  Use: Scroll            |       |     1 |       |       ||     1
       Potion            |       |       |     1 |     1 ||     2
 Stab: Sleeping          |     2 |     9 |    37 |     7 ||    55
       Distracted        |       |     1 |     1 |       ||     2
Armor: Leather armour    |     3 |    24 |   100 |       ||   127
       Skin              |       |       |    13 |       ||    13
       Steam dragon scal |       |       |       |    66 ||    66
Dodge: Dodged            |    21 |    59 |   222 |   239 ||   541

Table legend: (Time is in decaauts)
 A = Elapsed time spent in this place.
 B = Non-inter-level travel time spent in this place.
 C = Inter-level travel time spent in this place.
 D = Time resting spent in this place.
 E = Time spent auto-exploring this place.
 F = Levels seen in this place.
 G = Mean time per level.
                   A        B        C        D        E       F      G
               +--------+--------+--------+--------+--------+-----+--------+
         Total |   8894 |   8552 |    342 |    941 |   5788 |  11 |  808.5 |
       Dungeon |   7371 |   7055 |    316 |    734 |   4906 |   8 |  921.4 |
        Temple |    413 |    387 |     26 |      0 |    383 |   1 |  413.0 |
         Sewer |    214 |    214 |      0 |      0 |    148 |   1 |  214.0 |
        Bailey |    894 |    894 |      0 |    207 |    351 |   1 |  894.0 |
               +--------+--------+--------+--------+--------+-----+--------+

Top non-repeatable levels by time:
     D:7: 1435 daAuts
     D:5: 1198 daAuts
     D:3: 1174 daAuts
     D:4: 1000 daAuts
     D:6: 935 daAuts
  Bailey: 894 daAuts
     D:2: 866 daAuts
     D:1: 599 daAuts
  Temple: 413 daAuts
   Sewer: 214 daAuts
     D:8: 162 daAuts
